 Dungeon Crawl Stone Soup version 0.29.1-15-g9cfb28693d (webtiles) character file.

Game seed: 1312763502749605069

140 Smoke131 the Trooper (level 5, 0/47 HPs)
             Began as a Hill Orc Fighter on Feb 23, 2023.
             Succumbed to a scorpion's poison
             ... on level 4 of the Dungeon.
             The game lasted 00:05:42 (3030 turns).

Smoke131 the Trooper (Hill Orc Fighter)             Turns: 3030, Time: 00:05:42

Health: 0/47       AC:  9    Str: 21    XL:     5   Next: 22%
Magic:  5/5        EV:  9    Int:  8    God:
Gold:   101        SH:  5    Dex: 15    Spells: 4/4 levels left

rFire   . . .      SeeInvis +   a - +0 war axe
rCold   . . .      Faith    +   c - +0 buckler
rNeg    . . .      Spirit   .   b - +0 scale mail
rPois   .          Reflect  .   (no helmet)
rElec   .          Harm     .   r - +1 cloak
rCorr   .          Rampage  .   (no gloves)
Will    .....                   (no boots)
Stlth   ..........              k - amulet of Pyskysih {Faith Dex+5}
HPRegen 0.15/turn               g - ring of see invisible
MPRegen 0.09/turn               (no ring)

@: brilliant, lethally poisoned (0 -> -5)
A: no striking features
a: no special abilities


You were on level 4 of the Dungeon.
You visited 1 branch of the dungeon, and saw 4 of its levels.

You collected 101 gold pieces.

Inventory:

Hand Weapons
 a - a +0 war axe (weapon)
Armour
 b - a +0 scale mail (worn)
 c - a +0 buckler (worn)
 r - a +1 cloak (worn)
Jewellery
 e - an amulet of the acrobat
 g - a ring of see invisible (left hand)
 k - the amulet of Pyskysih (around neck) {Faith Dex+5}
   (You found it on level 2 of the Dungeon)

   [amulet of faith]

   It allows you to gain divine favour quickly.
   Dex:       It affects your dexterity (+5).
Scrolls
 m - a scroll of amnesia
Potions
 d - a potion of might
 i - 2 potions of degeneration


   Skills:
 + Level 4.6 Fighting
 + Level 4.1 Axes
 + Level 4.2 Armour
 + Level 4.2 Shields


You had 4 spell levels left.
You didn't know any spells.
Your spell library contained the following spells:

 Spells                   Type           Power      Damage    Failure   Level
 Apportation              Tloc           0%         N/A       83%         1
 Necrotise                Necr           0%         1d4       83%         1
 Summon Small Mammal      Summ           0%         N/A       83%         1
 Vampiric Draining        Necr           0%         2d6       99%         3
 Agony                    Necr           0%         N/A       100%        5


Dungeon Overview and Level Annotations

Branches:
Dungeon (4/15)
 Temple: D:4-7

Altars:

Shops:
D:1 *   D:3 [


Message History

You are poisoned.
The scorpion poisons you!
You hit the scorpion but do no damage.
You feel very sick. The scorpion stings you.
You are more poisoned.
The scorpion poisons you!
The scorpion stings you but does no damage.
You hit the scorpion but do no damage.
You feel extremely sick. The scorpion misses you. The scorpion stings you.
You barely miss the scorpion.
You feel very sick. The scorpion barely misses you.
As you read the scroll of teleportation, it crumbles to dust.
You feel strangely unstable.
You feel very sick. The scorpion stings you.
* * * LOW HITPOINT WARNING * * *
The scorpion attacks as you move away!
The scorpion stings you but does no damage.
* * * LOW HITPOINT WARNING * * *
You feel very sick. The scorpion barely misses you.
Your surroundings suddenly seem different.
An endoplasm comes into view.
Found 11 gold pieces.
* * * LOW HITPOINT WARNING * * *
You feel sick.
The endoplasm quivers.
The endoplasm freezes you.
You are frozen.
* * * LOW HITPOINT WARNING * * *
You slash the endoplasm!
You kill the endoplasm!
* * * LOW HITPOINT WARNING * * *
You feel sick.
It was a potion of brilliance.
You feel clever all of a sudden.
You die...

#.........
#..$......
#.........
##.........
..........
.........
#........
#@.......
#........
#........
##.......
#......
#.....
####.


There were no monsters in sight!

Vanquished Creatures
  Crazy Yiuf (D:3)
  4 gnolls (D:3)
  2 adders (D:3)
  A worm (D:2)
  A dart slug (D:2)
  5 ball pythons
  7 bats
  4 endoplasms
  4 giant cockroaches
  2 goblins
  8 hobgoblins
  4 jackals
  2 quokkas
  2 kobolds
  4 rats
51 creatures vanquished.

Vanquished Creatures (others)
  3 fungi (D:3)
3 creatures vanquished.

Grand Total: 54 creatures vanquished

Notes
Turn   | Place    | Note
-------+----------+-------------------------------------------
     0 | D:1      | Smoke131 the Hill Orc Fighter began the quest for the Orb.
     0 | D:1      | Reached XP level 1. HP: 19/19 MP: 1/1
   218 | D:1      | Reached XP level 2. HP: 24/27 MP: 2/2
   350 | D:1      | Found Geafruud's Assorted Antiques.
   916 | D:2      | Reached XP level 3. HP: 25/33 MP: 3/3
  1057 | D:2      | Identified the amulet of Pyskysih {Faith Dex+5}
  1726 | D:3      | Identified the +0 leather armour of Love and Death {Int+4
                  | Stlth-}
  1798 | D:3      | Found Nian's Armour Shoppe.
  1835 | D:3      | Reached XP level 4. HP: 34/41 MP: 4/4
  2129 | D:3      | Found a runed translucent door.
  2130 | D:3      | Noticed Crazy Yiuf
  2270 | D:3      | Found a faded altar of an unknown god.
  2685 | D:3      | Killed Crazy Yiuf
  2686 | D:3      | Reached XP level 5. HP: 46/47 MP: 5/5
  3028 | D:4      | HP: 2/47 [frozen (5)]
  3030 | D:4      | Succumbed to a scorpion's poison

Illustrated notes

Levels and vault maps discovered:
D:1:      wander_arrival_desolate, layout_basic, serial_shops,
          nicolae_shop_overgrown_old_shop
D:2:      layout_loops_ring, grunt_ministairs_8
D:3:      layout_basic, serial_shops, shop,
          dreamdust_ecumenical_altar_hidden_monk_grotto, uniq_crazy_yiuf_cottage
D:4:      layout_cave_pods, general_overflow_altar, uniq_robin

Skill      XL: |  1  2  3  4 |
---------------+-------------+-----
Axes           | 3 4 |  4.1
Fighting       | 4 |  4.6
Armour         | 4 |  4.2
Shields        | 4 |  4.2

Action                   |  1- 3 |  4- 6 || total
-------------------------+-------+-------++-------
Melee: War axe           |   110 |    42 ||   152
  Use: Scroll            |       |     9 ||     9
       Potion            |       |     1 ||     1
Armor: Scale mail        |    63 |    14 ||    77
Dodge: Dodged            |    72 |    31 ||   103
Block: Buckler           |    41 |    21 ||    62
